Map: Kairos Junction LE

Players

Rail - Winner!

  • Race: Protoss Protoss
  • League: Grandmaster
  • Spawn Location: 11:00

GunGFuBanDa

  • Race: Protoss Protoss
  • League: Master
  • Spawn Location: 5:00

Event: 2019 WCS Winter Europe

VOD

Have the link to the VOD?

Description

Time

  • Played on: Feb. 17, 2019, 10:52 a.m.
  • Length: 7:38

All games in this series

Show
View Real Time Build Order
Export as new Build Order

Rail Protoss - Winner!

Build Orders: Oracle Opening 

Get SALT Encoding   

  12  0:00  Probe  
  13  0:13  Probe  
  14  0:18  Pylon  
  14  0:24  Probe  
  15  0:32  Probe  
  15  0:38  Gateway  
  15  0:40  Probe  
  16  0:46  Assimilator  
  17  0:50  Probe  
  17  0:55  Assimilator  
  18  0:59  Probe  
  19  1:07  Probe, Gateway  
  20  1:17  Probe  
  20  1:25  Cybernetics Core  
  21  1:29  Probe  
  22  1:34  Pylon  
  22  1:42  Probe  
  23  1:54  Probe  
  24  2:01  Adept x2  
  28  2:02  Warp Gate  
  28  2:06  Probe  
  29  2:10  Pylon  
  29  2:23  Stargate  
  29  2:42  Nexus  
  29  2:51  Robotics Facility  
  29  2:57  Oracle  
  29  3:03  Probe  
  33  3:15  Probe  
  34  3:20  Pylon  
  34  3:26  Immortal  
  34  3:27  Probe  
  35  3:39  Probe  
  40  3:51  Sentry, Probe  
  40  3:52  Sentry  
  40  3:53  Probe  
  46  3:56  Warp Prism  
  46  4:07  Shield Battery  
  48  4:15  Stalker  
  48  4:16  Adept  
  48  4:24  Probe  
  48  4:26  Probe  
  50  4:36  Probe  
  50  4:37  Stalker  
  53  4:39  Stalker  
  53  4:40  Pylon  
  55  4:45  Shield Battery  
  55  4:48  Probe  
  57  5:03  Probe x2  
  58  5:08  Sentry, Adept  
  58  5:09  Immortal  
  58  5:19  Probe  
  57  5:24  Sentry, Probe, Adept  
  57  5:26  Assimilator x2  
  58  5:31  Probe  
  59  5:36  Probe  
  59  5:38  Immortal  
  59  5:41  Shield Battery x2  
  60  5:43  Probe  
  60  5:48  Probe  
  60  5:49  Stalker x2  
  70  5:55  Probe  
  65  6:01  Probe  
  63  6:06  Warp Prism  
  63  6:07  Probe  
  62  6:13  Probe  
  62  6:14  Sentry, Adept  
  69  6:18  Pylon  
  69  6:19  Probe  
  70  6:30  Pylon  
  70  6:34  Pylon  
  70  6:36  Probe x2, Adept  
  70  6:37  Adept  
  76  6:48  Pylon  
  76  6:49  Observer, Probe  
  78  6:54  Gateway  
  78  6:55  Gateway  
  78  7:08  Robotics Bay, Adept x2  
Show
View Real Time Build Order
Export as new Build Order

GunGFuBanDa Protoss 

Build Orders: Phoenix Opening 

Get SALT Encoding   

  12  0:00  Probe  
  13  0:13  Probe  
  14  0:17  Pylon  
  14  0:23  Probe  
  15  0:32  Probe  
  15  0:37  Gateway  
  15  0:40  Probe  
  16  0:48  Assimilator  
  17  0:50  Probe  
  17  0:54  Assimilator  
  18  0:58  Probe  
  19  1:07  Probe, Gateway  
  20  1:17  Probe  
  20  1:24  Cybernetics Core  
  21  1:29  Probe  
  22  1:34  Pylon  
  22  1:41  Probe  
  23  1:54  Warp Gate, Probe  
  24  2:00  Stalker, Sentry  
  28  2:12  Pylon  
  28  2:14  Probe  
  29  2:26  Stalker  
  31  2:30  Stalker  
  32  2:38  Phoenix  
  32  2:41  Probe  
  33  2:50  Nexus  
  33  2:57  Shield Battery  
  33  3:05  Probe  
  34  3:09  Gateway  
  34  3:16  Pylon  
  34  3:19  Probe  
  35  3:31  Probe  
  36  3:44  Stalker  
  36  3:45  Stalker  
  40  3:49  Probe  
  41  3:57  Forge  
  39  4:03  Stalker  
  39  4:04  Probe  
  39  4:08  Probe  
  39  4:12  Probe  
  38  4:22  Probe  
  38  4:24  Probe  
  36  4:28  Adept x2  
  38  4:31  Sentry  
  38  4:35  Probe  
  40  4:50  Stalker  
  40  4:51  Stalker  
  44  4:54  Shield Battery  
  44  5:00  Sentry  
  42  5:22  Stalker x3  
  48  5:31  Pylon  
  47  5:47  Pylon  
  47  5:55  Probe  
  47  5:56  Probe  
  38  6:04  Probe  
  38  6:06  Probe  
  38  6:10  Sentry x3  
  45  6:12  Probe  
  45  6:14  Probe  
  46  6:21  Robotics Facility  
  46  6:22  Probe  
  46  6:25  Probe  
  49  6:34  Probe  
  49  6:35  Gateway  
  49  6:36  Gateway  
  49  6:38  Pylon  
  50  6:45  Stalker, Zealot  
  54  6:48  Zealot  
  54  6:53  Probe x2  
  56  7:07  Stalker  
  58  7:08  Zealot x2  
Tags
 
Add a new tag
Caveats
  • Supply blocks, unpowered buildings, or Contaminate may cause inaccurate times.
  • Supply counts are checked every 10 seconds.